 Dungeon Crawl Stone Soup version 0.21.1-72-gffa868e (webtiles) character file.

234 nicolaieve the Cudgeler (level 5, -6/45 HPs)
             Began as a Minotaur Berserker on Aug 4, 2018.
             Was a Believer of Trog.
             Mangled by an iguana (9 damage)
             ... on level 3 of the Dungeon.
             The game lasted 00:09:39 (2031 turns).

nicolaieve the Cudgeler (Minotaur Berserker)        Turns: 2031, Time: 00:09:40

Health: -6/45      AC: 11    Str: 21    XL:     5   Next: 75%
Magic:  4/4        EV:  6    Int:  4    God:    Trog [**....]
Gold:   116        SH:  4    Dex: 11    Spells: 4/4 levels left

rFire    . . .     SeeInvis .   a - +0 mace
rCold    . . .     Gourm    .   i - +0 buckler
rNeg     . . .     Faith    .   s - +0 plate armour
rPois    .         Spirit   .   (helmet restricted)
rElec    .         Reflect  .   (no cloak)
rCorr    .         Harm     .   (no gloves)
MR       ++...                  (no boots)
Stlth    ..........             (no amulet)
HPRegen  1.15/turn              (no ring)
MPRegen  0.09/turn              (no ring)

@: berserk cooldown, regenerating, slowed, very slow
A: retaliatory headbutt, horns 2
a: Berserk, Trog's Hand, Burn Spellbooks, Renounce Religion


You were on level 3 of the Dungeon.
You worshipped Trog.
Trog was pleased with you.
You were hungry.

You visited 1 branch of the dungeon, and saw 4 of its levels.

You collected 116 gold pieces.

Inventory:

Hand Weapons
 a - a +0 mace (weapon)
Armour
 i - a +0 buckler (worn)
 s - a +0 plate armour (worn)
Jewellery
 j - a cursed ring of teleportation {unknown}
 l - an uncursed ring of protection from fire {unknown}
 q - an uncursed amulet of the gourmand {unknown}
Scrolls
 b - a scroll of noise {unknown}
 e - a scroll of fog {unknown}
 g - 2 scrolls of blinking {unknown}
 h - 3 scrolls of identify {unknown}
 n - a scroll of remove curse {unknown}
 t - a scroll of enchant weapon {unknown}
Potions
 d - 2 potions of magic {unknown}
 f - 4 potions of curing {unknown}
 k - a potion of heal wounds {unknown}
 p - a potion of resistance {unknown}
 r - a potion of flight {unknown}
 u - a potion of lignification {unknown}
Comestibles
 c - 10 rations
 m - a chunk of flesh


   Skills:
 - Level 3.6 Fighting
 + Level 7.1 Maces & Flails
 - Level 2.4 Armour
 - Level 2.1 Dodging
 * Level 3.1 Shields


You had 4 spell levels left.
You didn't know any spells.

Dungeon Overview and Level Annotations

Branches:
Dungeon (4/15)
 Temple: D:4-7

Altars:
Elyvilon
Kikubaaqudgha
Nemelex Xobeh
Zin
The Shining One


Innate Abilities, Weirdness & Mutations

You reflexively headbutt those who attack you in melee.
You have a pair of horns on your head.


Message History

The iguana bites you but does no damage.
The gnoll completely misses you. You block the iguana's attack.
Unknown command.
You hit the iguana. You headbutt the iguana.
The iguana is heavily wounded.
You block the gnoll's attack. The iguana bites you.
* * * LOW HITPOINT WARNING * * *
The gnoll hits you but does no damage.
Unknown command.
You hit the iguana but do no damage.
The iguana is heavily wounded.
The iguana bites you.
* * * LOW HITPOINT WARNING * * *
You block the gnoll's attack. The iguana bites you.
* * * LOW HITPOINT WARNING * * *
The gnoll hits you but does no damage.
You hit the iguana.
The iguana is heavily wounded.
The iguana bites you!
You die...

#........##.....##
########.##.#######...##
.......#.##.......######
######.#.##..######..#.#
#.#.##..######..#.#
#.#.##............##
####.....###..........#
#..<.[...# #.#.##.###.#
#.#.))...###.#@##.# #.#
#.#..........gl...# #.#
#.#....#..####.######.####
#
#.#...#_#.##.............#
#
#.#.#..#..##.#.######.##.#
# #.....[...##.#.#
##...#.# #
###.#...####.#.# ##......#
# #.....## #.#.#
#....⌠.⌠## # ####### #####
#....._..#


You could see an iguana and a gnoll.

Vanquished Creatures
  A bullfrog (D:2)
  An orc priest (D:4)
  A worker ant (D:3)
  4 adders
  A gnoll (D:3)
  A dart slug (D:2)
  8 orcs
  6 bats
  2 giant cockroaches
  6 goblins
  9 hobgoblins
  2 jackals (D:2)
  A quokka (D:3)
  A ball python (D:2)
  6 frilled lizards
  9 kobolds
  4 rats
63 creatures vanquished.

Notes
Turn   | Place    | Note
-------+----------+-------------------------------------------
     0 | D:1      | nicolaieve the Minotaur Berserker began the quest for the Orb.
     0 | D:1      | Reached XP level 1. HP: 19/19 MP: 0/0
   126 | D:1      | Reached skill level 4 in Maces & Flails
   172 | D:1      | Reached XP level 2. HP: 23/26 MP: 1/1
   725 | D:2      | Noticed a bullfrog
   727 | D:2      | Killed a bullfrog
   727 | D:2      | Reached skill level 5 in Maces & Flails
   727 | D:2      | Reached XP level 3. HP: 31/31 MP: 2/2
   727 | D:2      | Reached XP level 4. HP: 39/39 MP: 3/3
   949 | D:2      | Reached ** piety under Trog
   951 | D:2      | Reached skill level 6 in Maces & Flails
  1178 | D:2      | Found a white marble altar of Elyvilon.
  1178 | D:2      | Found a glowing golden altar of the Shining One.
  1178 | D:2      | Found a glowing silver altar of Zin.
  1441 | D:3      | Reached XP level 5. HP: 45/45 MP: 4/4
  1576 | D:3      | Found a faded altar of an unknown god.
  1647 | D:3      | Found an ancient bone altar of Kikubaaqudgha.
  1877 | D:3      | Found a sparkling altar of Nemelex Xobeh.
  2019 | D:4      | Reached skill level 7 in Maces & Flails
  2025 | D:3      | HP: 1/45 [iguana (5)]
  2030 | D:3      | HP: 1/45 [iguana (4)]
  2031 | D:3      | Mangled by an iguana

Skill      XL: |  1  2  3  4  5 |
---------------+----------------+-----
Maces & Flails | 4 5 6 7 |  7.1
Shields        | 2 3 |  3.1
Fighting       | |  3.6
Armour         | |  2.4
Dodging        | |  2.1

Action                   |  1- 3 |  4- 6 || total
-------------------------+-------+-------++-------
Melee: Mace              |    25 |   105 ||   130
       Headbutt          |     5 |    14 ||    19
Invok: Berserk           |       |     1 ||     1
       Trog's Hand       |       |     1 ||     1
 Stab: Sleeping          |     1 |       ||     1
  Eat: Chunk             |       |     4 ||     4
Armor: Animal skin       |     2 |       ||     2
       Leather armour    |     6 |     7 ||    13
       Plate armour      |       |    64 ||    64
Dodge: Dodged            |    14 |    58 ||    72
Block: Buckler           |       |    27 ||    27
